 Dungeon Crawl Stone Soup version 0.18-b1-10-g3f7de93 (webtiles) character file.

14 ZazoAndrov the Grave Robber (level 2, -3/19 HPs)
             Began as a Human Necromancer on Apr 29, 2016.
             Slain by a hobgoblin
             ... wielding a cursed -1 club
              (5 damage)
             ... on level 1 of the Dungeon.
             The game lasted 00:17:57 (825 turns).

ZazoAndrov the Grave Robber (Human Necromancer)      Turns: 825, Time: 00:17:58

Health: -3/19      AC:  2    Str:  8    XL:     2   Next: 55%
Magic:  1/5        EV: 12    Int: 15    God:
Gold:   69         SH:  0    Dex: 13    Spells: 2 memorised, 3 levels left

rFire  . . .     SeeInvis .     (no weapon)
rCold  . . .     Gourm    .     a - +0 robe
rNeg   . . .     Faith    .     (no shield)
rPois  .         Spirit   .     (no helmet)
rElec  .         Dismiss  .     (no cloak)
rCorr  .         Reflect  .     (no gloves)
SustAt .         Harm     .     (no boots)
MR     .....                    (no amulet)
Stlth  +.........               (no ring)
                                i - ring of loudness (curse)

@: very slightly contaminated, not resistant to hostile enchantments, very
unstealthy
A: no striking features
a: no special abilities


You were on level 1 of the Dungeon.
You were not hungry.

You visited 1 branch of the dungeon, and saw 1 of its levels.

You collected 69 gold pieces.

Inventory:

Hand Weapons
 l - a +0 club
Missiles
 f - 20 arrows
 g - 9 stones (quivered)
Armour
 a - a +0 robe (worn)
 e - a +0 ring mail
Jewellery
 i - a cursed ring of loudness (left hand)
Scrolls
 j - a scroll of recharging {unknown}
 k - a scroll of identify {unknown}
 n - a scroll of remove curse {unknown}
Potions
 d - a potion of heal wounds {unknown}
 o - 2 potions of ambrosia {unknown}
Books
 b - a book of Necromancy

   Spells                             Type                      Level
   a - Pain                           Necromancy                   1
   b - Animate Skeleton               Necromancy                   1
   c - Vampiric Draining              Necromancy                   3
   d - Regeneration                   Charms/Necromancy            3
   e - Animate Dead                   Necromancy                   4
   f - Control Undead                 Necromancy                   4
Comestibles
 c - a bread ration
 h - 2 chunks of flesh
 m - 3 inedible chunks of flesh


   Skills:
 + Level 2.2 Dodging
 + Level 2.0 Stealth
 + Level 0.2 Unarmed Combat
 + Level 2.0 Spellcasting
 + Level 4.3 Necromancy


You had 3 spell levels left.
You knew the following spells:

 Your Spells              Type           Power        Failure   Level  Hunger
a - Pain                  Necr           ##..         4%          1    #......
b - Animate Skeleton      Necr           N/A          4%          1    #......


Dungeon Overview and Level Annotations

Branches:
Dungeon (1/15)

Altars:


Message History

Confirm with . or Enter, or press ? or * to list all spells.
Aiming: Pain
Press: ? - help, Shift-Dir - straight line, f/p - hobgoblin
Aim: a hobgoblin, wielding a club (severely wounded, chance to defeat MR: 92%)
You miscast Pain.
You are very lightly contaminated with residual magic.
Nothing appears to happen.
The hobgoblin hits your goblin skeleton with a club.
Casting: Pain
Confirm with . or Enter, or press ? or * to list all spells.
You don't have enough magic to cast that spell.
Your kobold skeleton closely misses the hobgoblin.
Your goblin skeleton misses the hobgoblin.
The hobgoblin hits your goblin skeleton with a club.
Your goblin skeleton is destroyed!
The hobgoblin shouts!
You hear a shout!
Your kobold skeleton misses the hobgoblin.
The hobgoblin hits you with a club.
You die...

### .......
#.##.#.#<.#.##.. #
.......##.##.#.#..#.##..
#
..........##.#.##.#.##Z.
K......#..##.#....#.##..
.......##.##.######.##..
....... #..............#
$......##...########...#
#.............# #####
##.....@.......#
.......gZ......#
......†).......#
...............#
...............#
...............#
...............#
...............#
...............#


You could see a hobgoblin, a kobold and a friendly kobold skeleton.

Vanquished Creatures
  A dart slug (D:1)
  2 giant geckos (D:1)
  A kobold (D:1)
  2 goblins (D:1)
  2 rats (D:1)
8 creatures vanquished.

Vanquished Creatures (collateral kills)
  A dart slug (D:1)
  A rat (D:1)
2 creatures vanquished.

Grand Total: 10 creatures vanquished

Notes
Turn   | Place    | Note
--------------------------------------------------------------
     0 | D:1      | ZazoAndrov the Human Necromancer began the quest for the Orb.
     0 | D:1      | Reached XP level 1. HP: 13/13 MP: 3/3
     7 | D:1      | Learned a level 1 spell: Animate Skeleton
   453 | D:1      | Reached XP level 2. HP: 17/19 MP: 3/5
   825 | D:1      | Slain by a hobgoblin

Action                   || total
-------------------------++-------
Melee: Unarmed           ||    14
 Cast: Pain              ||    10
       Animate Skeleton  ||     4
Armor: Robe              ||     3
Dodge: Dodged            ||    19
